 Dungeon Crawl Stone Soup version 0.17-a0-649-g87edefa (console) character file.

113325 jernau the Severer (level 16, -4/240 HPs)
             Began as a Hill Orc Fighter on Apr 12, 2015.
             Was an Elder of Beogh.
             Slain by a deep troll earth mage (8 damage)
             ... on level 2 of the Depths on Apr 17, 2015.
             The game lasted 04:30:43 (30756 turns).

jernau the Severer (Hill Orc Fighter)              Turns: 30756, Time: 04:30:44

Health: -4/240     AC: 28    Str: 28    XL:     16   Next: 62%
Magic:  22/23      EV:  2    Int:  8    God:    Beogh [****..]
Gold:   1686       SH:  0    Dex: 10    Spells: 0 memorised, 15 levels left

rFire  . . .     SeeInvis .     T - +0 battleaxe
rCold  + . .     Clarity  .     (armour currently unavailable)
rNeg   + + +     SustAb   .     (no shield)
rPois  +         Gourm    .     (helmet currently unavailable)
rElec  .         Spirit   .     (cloak currently unavailable)
rCorr  .         Warding  .     (gloves currently unavailable)
rMut   .         NoTele   +     (boots currently unavailable)
MR     +....                    Y - amulet of regeneration
Stlth  +.........               b - ring of protection from cold
                                w - +2 ring of strength

@: tree-form, somewhat resistant to hostile enchantments, very unstealthy
A: no striking features
a: Smiting, Recall Orcish Followers, Renounce Religion


You were on level 2 of the Depths.
You worshipped Beogh.
Beogh was greatly pleased with you.
You were not hungry.
You were a tree.
You visited 6 branches of the dungeon, and saw 33 of its levels.
You also visited: Ossuary.

You collected 3072 gold pieces.
You spent 1386 gold pieces at shops.

Inventory:

Hand weapons
 T - a +0 battleaxe (weapon)
 W - a +0 flail
Missiles
 p - 6 tomahawks of dispersal (quivered)
Armour
 c - a +0 shield
 g - a +2 large shield of poison resistance
 l - a +0 pair of boots (melded)
 y - a +0 plate armour
 B - a +1 plate armour
 K - a +0 hat of see invisible (melded)
 L - a +1 cloak of invisibility (melded)
 M - a +0 pair of gloves (melded)
 Q - the +4 chain mail of Caskuol (melded) {rN+ Dex+2}
   (You found it on level 8 of the Lair of Beasts)

   It affects your dexterity (+2).
   It protects you from negative energy.
Jewellery
 b - a ring of protection from cold (right branch)
 w - a +2 ring of strength (left branch)
 U - an uncursed ring of magical power
 X - an uncursed ring of positive energy
 Y - an amulet of regeneration (around neck)
Magical devices
 a - a wand of confusion (20)
 f - a wand of heal wounds (3)
 o - a wand of paralysis (17)
 u - a wand of hasting (0)
 z - a wand of paralysis (5)
 C - a wand of draining (3)
 J - a wand of invisibility (4)
 R - a wand of fireball (5)
 V - a wand of teleportation (0)
 Z - a wand of cold (2)
Scrolls
 j - 5 scrolls of remove curse
 x - 5 scrolls of enchant armour
 D - 4 scrolls of enchant weapon
 E - 3 scrolls of magic mapping
 O - 5 scrolls of teleportation
 P - 4 scrolls of recharging
Potions
 e - 3 potions of might
 h - 10 potions of curing
 k - 4 potions of magic
 n - 2 potions of lignification
 q - 2 potions of berserk rage
 r - 3 potions of brilliance
 t - 4 potions of invisibility
 A - a potion of cure mutation
 F - a potion of restore abilities
 I - 2 potions of cancellation
 N - 3 potions of agility
Miscellaneous
 S - a sack of spiders {used: 1}
Comestibles
 d - 7 bread rations
 m - 19 meat rations


   Skills:
 * Level 19.2 Fighting
 + Level 19.7 Axes
 * Level 16.3 Armour
 - Level 3.2 Shields
 + Level 10.5 Invocations
 + Level 3.0 Evocations


You had 15 spell levels left.
You didn't know any spells.

Dungeon Overview and Level Annotations

Branches:
Dungeon (15/15)            Temple (0/1) D:4            Lair (8/8) D:11
  Swamp (1/5) Lair:6        Snake (0/5) Lair:4        Slime (0/6) Lair:8
    Orc (4/4) D:9             Elf (3/3) Orc:3        Vaults (0/5) D:14
 Depths (2/5) D:15

Altars:
Elyvilon
Gozag
Kikubaaqudgha
Makhleb
Nemelex Xobeh
Okawaru
Qazlal
Ru
Trog
Xom
Beogh

Shops:
D:4 ?   D:8 [   D:9 [   D:12 ?   D:13 :   Orc:1 ?   Orc:2 [   Orc:4 }*((
Elf:1 *

Annotations:
D:7 4 runed doors
Elf:2 1 runed door


Message History

You turn into a tree.
Your +1 cloak of invisibility melds into your body.
Your +0 hat of see invisible melds into your body.
Your +0 pair of gloves melds into your body.
Your +0 pair of boots melds into your body.
The +4 chain mail of Caskuol {rN+ Dex+2} melds into your body.
You feel less perceptive.
Your roots penetrate the ground.
The deep troll earth mage bites you but does no damage.
The deep troll earth mage claws you!
* * * LOW HITPOINT WARNING * * *
The deep troll earth mage barely misses you.
The deep troll earth mage bites you but does no damage.
The deep troll earth mage completely misses you.
The deep troll earth mage claws you but does no damage.
You barely miss the deep troll earth mage.
The deep troll earth mage bites you!
* * * LOW HITPOINT WARNING * * *
The deep troll earth mage claws you but does no damage.
The deep troll earth mage claws you!
You die...

./. ... ..#
..# #.# #.#
#.# #.# #♣#
#...T.....#
###########


You could see a deep troll earth mage.

Vanquished Creatures
  A deep elf master archer (Elf:3)
  Kirke (D:15)
  A frost giant (shapeshifter) (D:15)
  A deep elf sorcerer (Elf:2)
  A stone giant (Depths:1)
  A deep elf death mage (Elf:2)
  A rakshasa (D:15)
  4 hydras
  3 dancing weapons (Elf:2)
  A tengu warrior (D:13)
  An orc high priest (Elf:3)
  3 salamander stormcallers
  2 centaur warriors (D:15)
  Sonja (Orc:2)
  5 deep elf knights
  An unseen horror (D:13)
  3 deep elf summoners (Elf:1)
  3 hill giants
  A wind drake (shapeshifter) (D:15)
  2 deep elf conjurers (Elf:1)
  An orc sorcerer (Elf:2)
  9 ugly things
  A manticore (shapeshifter) (D:15)
  A centaur zombie (D:14)
  A gargoyle (D:14)
  6 elephants
  5 spiny frogs
  3 black mambas
  3 centaur skeletons
  A yaktaur (D:7)
  2 komodo dragons
  3 trolls
  4 deep elf priests
  A giant leech (Lair:8)
  4 two-headed ogres (Orc:4)
  A raiju (shapeshifter) (Elf:1)
  9 slime creatures
  A redback (Elf:1)
  A wyvern (D:14)
  3 shadows (D:14)
  A basilisk (Lair:6)
  15 deep elf magi
  5 hippogriffs
  2 humans (D:10)
  A wolf (Lair:8)
  2 wargs
  4 yaks
  10 deep elf fighters
  4 swamp worms (Lair:6)
  5 porcupines
  Duvessa (D:6)
  A black bear (D:8)
  3 water moccasins
  An eye of draining (D:15)
  A sky beast (D:15)
  An ice beast (D:7)
  4 boggarts
  3 orc warriors
  2 phantoms (D:6)
  A sky beast (shapeshifter) (D:15)
  7 ogres
  A tengu (shapeshifter) (Elf:1)
  5 centaurs
  A big kobold (D:12)
  6 crocodiles
  An elf skeleton (D:8)
  A water moccasin zombie (D:7)
  14 giant frogs
  Dowan (D:6)
  A scorpion (D:5)
  3 killer bees
  6 electric eels
  9 wights
  A goliath beetle (D:6)
  5 hounds
  2 human zombies
  3 jellies
  4 orc priests
  4 crimson imps
  3 giant frog zombies
  A human skeleton (D:8)
  11 orc wizards
  2 giant frog skeletons
  2 iguanas
  6 sheep
  6 worker ants
  A hell rat (Lair:5)
  A big kobold zombie (Ossuary)
  A hound zombie (D:6)
  3 mummies
  A hound skeleton (D:6)
  A worker ant zombie (D:6)
  15 adders
  3 gnolls (D:5)
  19 river rats
  2 shadow imps (D:5)
  3 worms
  A white imp (D:15)
  An ufetubus (Orc:4)
  2 oozes (Lair:3)
  33 orcs
  2 ball pythons
  17 bats
  A bat skeleton (D:6)
  2 bat zombies
  4 giant cockroaches
  13 goblins
  9 hobgoblins
  12 jackals
  A ball python skeleton (D:5)
  2 giant geckos
  A giant gecko zombie (D:5)
  10 giant newts
  A goblin zombie (Ossuary)
  9 hobgoblin zombies (Ossuary)
  A jackal zombie (Ossuary)
  13 kobolds
  10 kobold zombies (Ossuary)
  An orc skeleton (D:8)
  10 orc zombies
  7 quokkas
  11 rats
  A rat zombie (Ossuary)
  A ballistomycete (D:11)
  A butterfly (Lair:4)
  3 fungi
500 creatures vanquished.

Vanquished Creatures (collateral kills)
  An iron dragon (D:13)
  A deep elf sorcerer (Elf:3)
  A war gargoyle (D:13)
  A rakshasa (D:15)
  Nessos (D:15)
  A vault guard (D:14)
  A fire dragon (Lair:2)
  Fannar (Orc:2)
  Harold (D:12)
  A catoblepas (Lair:8)
  13 dancing weapons (Elf:2)
  4 hydras
  A centaur warrior (D:13)
  2 death yaks (Lair:5)
  The ghost of Gorice the Slinger, a powerful HaWn of Fedhas (D:10)
  4 ogre magi
  An orc high priest (Orc:4)
  10 deep elf knights
  3 deep elf summoners
  6 hill giants
  Pikel (D:8)
  2 griffons
  7 deep elf conjurers
  2 manticores
  2 orc knights
  2 orc sorcerers
  An oklob plant (Lair:3)
  6 ugly things
  An elephant (shapeshifter) (D:15)
  5 cyclopes
  An octopode (shapeshifter) (D:13)
  Maurice (D:12)
  Joseph (D:8)
  4 black mambas
  A torpor snail (Lair:5)
  16 elephants
  23 spiny frogs
  3 fire drakes
  5 komodo dragons
  5 trolls
  A polar bear (Lair:7)
  A deep elf priest (Elf:1)
  7 giant leeches (Lair:8)
  16 blink frogs
  A raiju (shapeshifter) (D:13)
  2 ravens (D:13)
  A boulder beetle (Lair:6)
  16 two-headed ogres
  13 water moccasins
  9 slime creatures
  A tarantella (Elf:1)
  10 deep elf magi
  2 redbacks (Elf:1)
  2 wyverns
  A water elemental (Depths:1)
  A hog (shapeshifter) (D:13)
  9 hippogriffs
  21 yaks
  4 basilisks
  11 deep elf fighters
  A steam dragon (D:9)
  A basilisk (shapeshifter) (Depths:1)
  4 vampire mosquitoes (Lair:8)
  19 wolves
  A hungry ghost (D:7)
  A warg (D:11)
  2 swamp worms (Lair:6)
  6 orc warriors
  8 porcupines
  2 nagas (Lair:4)
  A black bear (D:9)
  2 sky beasts
  An ice beast (D:8)
  28 ogres
  4 phantoms
  A boggart (D:15)
  2 centaurs
  A boring beetle (Lair:5)
  A giant frog (shapeshifter) (Elf:2)
  A brain worm (D:13)
  11 crocodiles
  33 giant frogs
  An elf zombie (Ossuary)
  An elf skeleton (D:8)
  A troll zombie (Orc:4)
  11 killer bees
  2 wights (D:9)
  4 electric eels
  3 centaur zombies
  3 hounds
  5 crimson imps
  7 jellies
  11 orc wizards
  2 quasits
  11 orc priests
  4 hell rats
  7 iguanas
  2 worker ants
  25 sheep
  A hound zombie (D:7)
  A hound skeleton (D:9)
  3 adders
  67 river rats
  An ufetubus (Orc:4)
  3 orc zombies
  A giant gecko (D:7)
  13 oozes (Lair:3)
  44 orcs
  2 bats (D:9)
  8 goblins
  6 hobgoblins
  A kobold (D:12)
  A goblin zombie (Ossuary)
  A hobgoblin zombie (Ossuary)
  2 jackals (D:9)
  A butterfly (Lair:4)
  8 fungi
  3 plants
671 creatures vanquished.

Vanquished Creatures (others)
  2 orc warlords (Elf:3)
  A deep elf high priest (Elf:3)
  An ogre mage (Orc:4)
  A deep elf knight (Elf:1)
  8 orc knights
  A harpy (shapeshifter) (D:14)
  An orc sorcerer (D:15)
  13 orc warriors
  4 humans (D:15)
  A tarantella (Elf:1)
  A spider (Lair:2)
  2 lost souls (Elf:2)
  15 orc wizards
  16 orc priests
  A river rat (Lair:4)
  132 orcs
  A giant newt (D:3)
  A giant spore (D:11)
  3 fungi (Lair:7)
  4 plants (Lair:8)
209 creatures vanquished.

Grand Total: 1380 creatures vanquished

Notes
Turn   | Place    | Note
--------------------------------------------------------------
     0 | D:1      | jernau, the Hill Orc Fighter, began the quest for the Orb.
     0 | D:1      | Reached XP level 1. HP: 19/19 MP: 1/1
   129 | D:1      | Reached skill level 4 in Fighting
   129 | D:1      | Reached XP level 2. HP: 24/27 MP: 2/2
   872 | D:2      | Reached XP level 3. HP: 29/34 MP: 3/3
  1282 | D:2      | Reached XP level 4. HP: 32/41 MP: 4/4
  1748 | D:3      | Reached skill level 5 in Fighting
  1989 | D:3      | Reached XP level 5. HP: 35/48 MP: 5/5
  2001 | D:3      | Reached skill level 5 in Armour
  2208 | D:3      | Became a worshipper of Beogh the Brigand
  2476 | D:3      | Found an ancient bone altar of Kikubaaqudgha.
  2576 | D:4      | Reached skill level 6 in Fighting
  2576 | D:4      | Reached XP level 6. HP: 57/57 MP: 6/6
  2638 | D:4      | Found a staircase to the Ecumenical Temple.
  3444 | D:4      | Found Kuessun's Magic Scroll Shoppe.
  3447 | D:4      | Bought a scroll of enchant armour for 90 gold pieces
  3447 | D:4      | Bought a scroll of identify for 24 gold pieces
  3461 | D:5      | Entered Level 5 of the Dungeon
  3573 | D:5      | Found a stormy altar of Qazlal.
  3594 | D:5      | Reached XP level 7. HP: 50/64 MP: 7/7
  3598 | D:5      | Reached skill level 7 in Fighting
  3625 | D:5      | Acquired Beogh's first power
  3830 | D:5      | Found an iron altar of Okawaru.
  3831 | D:5      | Found an opulent altar of Gozag.
  4535 | D:6      | Acquired Beogh's second power
  4535 | D:6      | Reached skill level 8 in Fighting
  4574 | D:6      | Reached XP level 8. HP: 18/74 MP: 8/8
  4923 | D:6      | Reached skill level 1 in Evocations
  5035 | D:6      | Noticed Dowan
  5046 | D:6      | Killed Dowan
  5118 | D:6      | Noticed Duvessa
  5135 | D:6      | Killed Duvessa
  5169 | D:6      | Reached skill level 5 in Axes
  5669 | D:6      | Acquired Beogh's third power
  5669 | D:6      | Reached XP level 9. HP: 29/81 MP: 10/10
  5904 | D:6      | Reached skill level 9 in Armour
  6177 | D:7      | Found a burning altar of Makhleb.
  6380 | D:7      | Found a huge runed gate.
  6380 | D:7      | Found a huge runed gate.
  6380 | D:7      | Found a huge runed gate.
  6381 | D:7      | Found a huge runed gate.
  6385 | D:7      | Noticed a griffon
  6833 | D:7      | Noticed a yaktaur
  6833 | D:7      | a troll changed into a yaktaur
  6840 | D:7      | Killed a yaktaur
  6850 | D:7      | Reached skill level 10 in Axes
  7648 | D:8      | Reached skill level 11 in Axes
  7729 | D:8      | Found a bloodstained altar of Trog.
  7750 | D:8      | Reached XP level 10. HP: 82/90 MP: 11/11
  7776 | D:8      | Reached skill level 10 in Armour
  7843 | D:8      | Found a sand-covered staircase.
  7848 | Ossuary  | Entered an ossuary
  7861 | Ossuary  | Acquired Beogh's fourth power
  7981 | Ossuary  | Acquired Beogh's fifth power
  8208 | D:8      | Found Selioma's Armour Shop.
  8211 | D:8      | Bought a +1 chain mail of magic resistance for 165 gold pieces
  8218 | D:8      | Noticed Joseph
  8232 | D:8      | Killed Joseph
  8307 | D:8      | Noticed Pikel
  8319 | D:8      | Killed Pikel
  8561 | D:9      | Found a sparkling altar of Nemelex Xobeh.
  8620 | D:9      | Reached skill level 12 in Axes
  8674 | D:9      | Found a staircase to the Orcish Mines.
  8687 | D:9      | Found a roughly hewn altar of Beogh.
  9167 | D:9      | Found Peserit's Antique Armour Shop.
  9476 | D:10     | Entered Level 10 of the Dungeon
  9490 | D:10     | Noticed Gorice's ghost (powerful HaWn)
  9513 | D:10     | Killed Gorice's ghost
  9513 | D:10     | Reached skill level 10 in Fighting
  9542 | D:10     | Gained Spirok as an ally
  9801 | D:10     | Found an iron altar of Okawaru.
  9812 | D:10     | Reached skill level 13 in Axes
  9812 | D:10     | Reached XP level 11. HP: 99/101 MP: 12/12
  9832 | D:10     | Noticed a cyclops
  9845 | D:10     | Killed a cyclops
 10521 | Orc:1    | Entered Level 1 of the Orcish Mines
 10706 | Orc:1    | Found Qedda Zoh's Magic Scroll Boutique.
 10728 | Orc:1    | Bought a scroll of enchant armour for 82 gold pieces
 10917 | Orc:2    | Noticed an orc knight
 10922 | Orc:2    | Paralysed by an orc sorcerer for 5 turns
 11088 | Orc:2    | Found Caywnatt's Antique Armour Emporium.
 11422 | Orc:3    | Found a staircase to the Elven Halls.
 11566 | Orc:3    | Found a bloodstained altar of Trog.
 11936 | Orc:4    | Entered Level 4 of the Orcish Mines
 11951 | Orc:4    | Noticed an ogre mage
 11952 | Orc:4    | Noticed an ogre mage
 11952 | Orc:4    | Found Kavab's Weapon Shop.
 11953 | Orc:4    | Found Qaviz's Assorted Antiques.
 11953 | Orc:4    | Noticed an ogre mage
 11960 | Orc:4    | Noticed an ogre mage
 11966 | Orc:4    | Killed an ogre mage
 11966 | Orc:4    | Reached skill level 1 in Invocations
 11969 | Orc:4    | Killed an ogre mage
 11973 | Orc:4    | an orc knight (ally) was killed
 11976 | Orc:4    | Your ally Spirok died
 11986 | Orc:4    | Killed an ogre mage
 11997 | Orc:4    | Killed an ogre mage
 11997 | Orc:4    | Reached skill level 14 in Axes
 12024 | Orc:4    | Gained Zorug as an ally
 12030 | Orc:4    | Reached XP level 12. HP: 91/112 MP: 0/14
 12125 | Orc:4    | Found Ukkitah's Gadget Boutique.
 12125 | Orc:4    | Found Wialul Itit's Antique Weapon Emporium.
 12290 | Orc:4    | Noticed an orc high priest
 12302 | Orc:4    | Killed an orc high priest
 13267 | D:11     | Found a staircase to the Lair.
 13627 | D:11     | Gained Wulfoc as an ally
 14118 | D:12     | Noticed Harold
 14132 | D:12     | Noticed Maurice
 14133 | D:12     | Killed Harold
 14215 | D:12     | Killed Maurice
 14511 | D:10     | Gained Brunolf as an ally
 14611 | D:8      | Bought the +18 shield of the gong {rElec rN+ MR+ EV-5} for 973 gold pieces
 14782 | Lair:1   | Entered Level 1 of the Lair of Beasts
 16151 | Lair:2   | Reached skill level 15 in Axes
 16194 | Lair:2   | Noticed a fire dragon
 16223 | Lair:2   | Killed a fire dragon
 16223 | Lair:2   | Gained Berold as an ally
 17793 | Lair:3   | Gained Herok as an ally
 18257 | Lair:4   | Reached XP level 13. HP: 123/123 MP: 16/16
 18267 | Lair:4   | Noticed a seven-headed hydra
 18268 | Lair:4   | Killed a seven-headed hydra
 18405 | Lair:4   | Got a warped dire flail
 18411 | Lair:4   | Identified the +1 dire flail of War {crush, rElec rPois MR++ Str-4} (You found it on level 4 of the Lair of Beasts)
 18649 | Lair:4   | Upgraded the game from 0.17-a0-530-gbe3d13a to 0.17-a0-547-g5e20af8
 18650 | Lair:4   | Found a staircase to the Snake Pit.
 19175 | Lair:5   | Gained Brandogh as an ally
 19320 | Lair:5   | Reached skill level 16 in Axes
 19402 | Lair:5   | Reached skill level 5 in Invocations
 19932 | Lair:6   | Identified a scroll of acquirement
 19956 | Lair:6   | wq
 19956 | Lair:6   | wq
 19956 | Lair:6   | Upgraded the game from 0.17-a0-547-g5e20af8 to 0.17-a0-562-gfd539b1
 20373 | Lair:6   | Found a staircase to the Swamp.
 20948 | Lair:7   | Reached skill level 15 in Fighting
 20956 | Lair:7   | Your ally Brandogh died
 20994 | Lair:7   | Your ally Herok died
 21315 | Lair:7   | Gained Bogric as an ally
 21641 | Lair:8   | Entered Level 8 of the Lair of Beasts
 21719 | Lair:8   | Your ally Bogric died
 21720 | Lair:8   | Your ally Brunolf died
 21743 | Lair:8   | Gained Nordag as an ally
 21764 | Lair:8   | Reached skill level 17 in Axes
 21896 | Lair:8   | Reached XP level 14. HP: 135/135 MP: 15/18
 22229 | Lair:8   | Gained Bolgrim as an ally
 22394 | Lair:8   | Found a staircase to the Slime Pits.
 22581 | Lair:8   | Got a distressingly furry chain mail
 22655 | Lair:8   | Identified the +4 chain mail of Caskuol {rN+ Dex+2} (You found it on level 8 of the Lair of Beasts)
 22985 | Orc:2    | Noticed Sonja
 22991 | Orc:2    | Killed Sonja
 23060 | Orc:2    | Noticed Fannar
 23062 | Orc:2    | Killed Fannar
 23384 | Elf:1    | Entered Level 1 of the Elven Halls
 23395 | Elf:1    | Your ally Wulfoc died
 23658 | Elf:1    | Found Buxkeenk's Assorted Antiques.
 23659 | Elf:1    | Upgraded the game from 0.17-a0-562-gfd539b1 to 0.17-a0-587-g4707e02
 24279 | Elf:1    | Upgraded the game from 0.17-a0-587-g4707e02 to 0.17-a0-649-g87edefa
 24879 | D:12     | Found Muud Fus's Magic Scroll Emporium.
 25001 | D:12     | Bought a scroll of identify for 26 gold pieces
 25001 | D:12     | Bought a scroll of identify for 26 gold pieces
 25628 | D:13     | Reached XP level 15. HP: 109/147 MP: 21/21
 25818 | D:13     | Reached skill level 18 in Axes
 26049 | D:13     | Found a large runed door.
 26049 | D:13     | Found a large runed door.
 26059 | D:13     | Reached skill level 15 in Armour
 26085 | D:13     | Noticed a war gargoyle
 26087 | D:13     | Killed a war gargoyle
 26088 | D:13     | Found a shimmering altar of Xom.
 26091 | D:13     | Noticed an iron dragon
 26097 | D:13     | Killed an iron dragon
 26102 | D:13     | Found a white marble altar of Elyvilon.
 26236 | D:13     | Found Kaicwoz's Book Shoppe.
 26756 | D:14     | Found a gate to the Vaults.
 27056 | D:14     | Gained Morbeogh as an ally
 27139 | D:14     | Your ally Berold died
 27444 | D:15     | Entered Level 15 of the Dungeon
 27459 | D:15     | Found a sacrificial altar of Ru.
 27532 | D:15     | Noticed Nessos
 27539 | D:15     | Killed Nessos
 27592 | D:15     | Noticed Kirke
 27595 | D:15     | Your ally Morbeogh died
 27598 | D:15     | Killed Kirke
 27885 | Swamp:1  | Entered Level 1 of the Swamp
 28436 | Elf:2    | Found a runed door.
 28445 | Elf:2    | Found a runed door.
 28488 | Elf:2    | Reached skill level 10 in Invocations
 28507 | Elf:2    | Reached skill level 19 in Axes
 28527 | Elf:2    | Reached XP level 16. HP: 20/159 MP: 20/23
 29206 | Elf:3    | Entered Level 3 of the Elven Halls
 29273 | Elf:3    | Noticed a deep elf master archer
 29286 | Elf:3    | Your ally Zorug died
 29287 | Elf:3    | Killed a deep elf master archer
 29321 | Elf:3    | Your ally Bolgrim died
 30310 | D:15     | Found a staircase to the Depths.
 30691 | Depths:1 | Entered Level 1 of the Depths
 30756 | Depths:2 | HP: 4/240 [deep troll earth mage (10)]
 30756 | Depths:2 | Slain by a deep troll earth mage

Action                   |  1- 3 |  4- 6 |  7- 9 | 10-12 | 13-15 | 16-18 || total
-------------------------+-------+-------+-------+-------+-------+-------++-------
Melee: War axe           |    89 |   244 |   457 |   459 |    37 |       ||  1286
       Battleaxe         |       |       |       |       |   585 |   254 ||   839
       Flail             |       |       |       |       |     2 |       ||     2
Throw: Tomahawk          |       |       |       |     2 |     6 |       ||     8
Invok: Convert to Beogh  |       |     1 |       |       |       |       ||     1
       Recall Orcish Fol |       |       |       |     8 |    18 |     2 ||    28
       Give Item to Name |       |       |       |     3 |     4 |       ||     7
       Smiting           |       |       |       |     9 |    62 |    11 ||    82
Evoke: Wand              |       |       |    21 |     1 |     9 |     2 ||    33
       Sack of spiders   |       |       |       |     2 |       |       ||     2
  Use: Scroll            |       |    12 |     3 |    14 |    17 |     1 ||    47
       Potion            |       |     3 |     3 |     3 |     9 |     2 ||    20
 Stab: Paralysed         |       |       |    12 |       |       |       ||    12
       Distracted        |       |       |       |     4 |     6 |       ||    10
  Eat: Beef jerky        |     1 |       |     2 |     1 |     6 |       ||    10
       Chunk             |       |     7 |     7 |    10 |    19 |     4 ||    47
       Fruit             |       |     1 |     1 |     7 |     2 |       ||    11
       Pizza             |       |       |     1 |    11 |     2 |       ||    14
       Bread ration      |       |       |     1 |       |     4 |     2 ||     7
       Royal jelly       |       |       |       |       |     1 |       ||     1
